[Event "Early-Titled-Tuesday-Blitz-January-23-2024"]
[Site "Chess.com"]
[Date "2024.01.23"]
[Round "3"]
[White "Bigfish1995"]
[Black "bolwin"]
[Result "1-0"]
[WhiteElo "3115"]
[BlackElo "2258"]
[TimeControl "180+1"]
[EndTime "8:26:02 PST"]
[Termination "Bigfish1995 won by resignation"]

1. e4 Nf6 2. e5 Nd5 3. d4 d6 4.
Nf3 Bg4 5. Be2 e6 6. Nbd2 Be7 7. O-O O-O 8. Nc4 Nc6 9. c3 Re8 10. Re1 Bh5 11. a4 dxe5 12. Nfxe5 Bxe2 13. Qxe2 Nxe5 14. dxe5 a6 15. Qg4 b5 16. Bh6 Bf8 17. Nd2 Qd7 18. Ne4 Kh8 19. Rad1 Qc6 20. Bc1 b4 21. Ng5 Re7 22.
Qe4 g6 23. c4 Qxa4 24. cxd5 exd5 25. Qxd5 Rae8 26. Nxf7+ Kg7 27. Bh6+ Kg8 28. Nd6+ Re6 29. Nxe8 1-0

[Event "Early-Titled-Tuesday-Blitz-January-23-2024"]
[Site "Chess.com"]
[Date "2024.01.23"]
[Round "3"]
[White "GMKrikor"]
[Black "Jospem"]
[Result "0-1"]
[WhiteElo "2798"]
[BlackElo "3101"]
[TimeControl "180+1"]
[EndTime "8:26:04 PST"]
[Termination "Jospem won by resignation"]

1. Nf3 Nf6 2. c4 d6 3. d4 g6 4. Nc3 Bg7 5. e4 O-O 6. h3 Na6 7. Be3 e5 8. d5 Nc5 9. Nd2 a5 10. g4 Bd7 11. Be2 c6 12. a4 Be8 13. h4 Nfd7 14. g5 f5 15. f3 Na6 16. Nb3 Ndc5 17. Nxc5 Nxc5 18. Qc2 cxd5 19. cxd5 Rc8 20. Bxc5 Rxc5 21.
Qb3 b6 22. Bb5 Bxb5 23. axb5 Qd7 24. O-O-O fxe4 25. fxe4 Rf3 26. Kb1 Rfxc3 27. bxc3 Rxb5 0-1

[Event "Early-Titled-Tuesday-Blitz-January-23-2024"]
[Site "Chess.com"]
[Date "2024.01.23"]
[Round "3"]
[White "SujanaLohani"]
[Black "Revan_2002"]
[Result "0-1"]
[WhiteElo "1986"]
[BlackElo "2345"]
[TimeControl "180+1"]
[EndTime "8:26:04 PST"]
[Termination "Revan_2002 won on time"]

1. d4 Nf6 2. Nf3 g6 3. c4 Bg7 4. g3 O-O 5. Bg2 d6 6. O-O Nbd7 7. Nc3 e5 8. e3 Re8 9. b4 c6 10. Bb2 e4 11. Nd2 d5 12. cxd5 cxd5 13. Rc1 Nf8 14.
Nb5 Re7 15. Qc2 Bg4 16. Nb3 Rc8 17. Qd2 a6 18. Rxc8 Bxc8 19. Nc3 h5 20. h4 Bg4 21. Nc5 N8h7 22. a4 g5 23. b5 gxh4 24. gxh4 Bf3 25. bxa6 bxa6 26. Nxa6 Bxg2 27. Kxg2 Qc8 28. Qe2 Nf8 29.
Nc5 Ng6 30. Rh1 Ng4 31. a5 Qf5 32. a6 Bxd4 33. exd4 Nf4+ 34. Kf1 Nxe2 35. Kxe2 Qf3+ 36. Kd2 Qxh1 37. Nxd5 e3+ 38. fxe3 Qxd5 0-1

[Event "Early-Titled-Tuesday-Blitz-January-23-2024"]
[Site "Chess.com"]
[Date "2024.01.23"]
[Round "3"]
[White "RCone"]
[Black "doctorcristian"]
[Result "0-1"]
[WhiteElo "2431"]
[BlackElo "2611"]
[TimeControl "180+1"]
[EndTime "8:26:05 PST"]
[Termination "doctorcristian won by resignation"]

1. e4 c6 2. d4 d5 3. e5 Bf5 4. h4 c5 5. c3 Nc6 6. dxc5 e6 7. Nf3 Bxc5 8. b4 Bb6 9. b5 Na5 10. Bd3 Ne7 11. Bg5 Bxd3 12. Qxd3 h6 13. Bf4 Rc8 14. Nbd2 Qc7 15. Rc1 Nc4 16. a4 Qc5 17. O-O Nf5 18.
g4 Nxd2 19. Bxd2 Ne7 20. h5 Qc4 21. Qxc4 Rxc4 22. Nd4 Kd7 23. f4 g6 24. hxg6 fxg6 25. Ra1 h5 26. gxh5 gxh5 27. Kf2 Nf5 28. Be3 Nxe3 29.
Kxe3 Rxc3+ 30. Kd2 Bxd4 31. f5 Rg8 32. fxe6+ Kxe6 33. Rae1 Rg2+ 34. Kd1 Ra3 35. Re2 Ra1+ 0-1

[Event "Early-Titled-Tuesday-Blitz-January-23-2024"]
[Site "Chess.com"]
[Date "2024.01.23"]
[Round "3"]
[White "GMSrinath"]
[Black "leopato"]
[Result "1-0"]
[WhiteElo "2835"]
[BlackElo "2233"]
[TimeControl "180+1"]
[EndTime "8:26:08 PST"]
[Termination "GMSrinath won by resignation"]

1. d4 Nf6 2. c4 e6 3. g3 c5 4. Nf3 cxd4 5. Nxd4 d5 6. Bg2 e5 7. Nb3 dxc4 8. Qxd8+ Kxd8 9. N3d2 Nc6 10. Nxc4 Be6 11. Nba3 Bb4+ 12. Bd2 Bxd2+ 13. Kxd2 Ke7 14. Bxc6 Rhd8+ 15. Ke1 bxc6 16. Nxe5 Bd5 17. f3 Ke6 18. Nd3 Rab8 19.
b3 Ke7 20. Kf2 g5 21. Nc2 g4 22. Nf4 gxf3 23. exf3 Be6 24. Rad1 a5 25. Nd4 Rb6 26.
Rhe1 c5 27. Nf5+ Ke8 28. Ng7+ Ke7 29. Rxd8 Kxd8 30. Ngxe6+ fxe6 31. Rxe6 Rxe6 32. Nxe6+ Ke7 33. Nxc5 Nd5 34. Nb7 Nc3 35. a4 Nd1+ 36. Ke1 Ne3 37. Nxa5 Nc2+ 38. Kf2 Kd6 39. Nc4+ Kc5 40. Nd2 Nd4 41.
f4 Kd5 42. g4 Ne6 43. Ke3 h6 44.
h4 Kc5 45. g5 hxg5 46. fxg5 Kd5 47. a5 1-0

[Event "Early-Titled-Tuesday-Blitz-January-23-2024"]
[Site "Chess.com"]
[Date "2024.01.23"]
[Round "3"]
[White "leepday"]
[Black "andrzej"]
[Result "1/2-1/2"]
[WhiteElo "2167"]
[BlackElo "2381"]
[TimeControl "180+1"]
[EndTime "8:26:09 PST"]
[Termination "Game drawn by stalemate"]

1. e4 e5 2. Nf3 Nf6 3. Nxe5 d6 4. Nf3 Nxe4 5. d4 d5 6. Bd3 Be7 7. O-O Bf5 8. c4 dxc4 9. Bxc4 O-O 10. Nc3 Nc6 11.
Nxe4 Bxe4 12. Be3 Bxf3 13. Qxf3 Nxd4 14. Qxb7 Rb8 15. Qxa7 c5 16. Rad1 Rxb2 17. Bxd4 cxd4 18.
Rxd4 Bd6 19. Rfd1 Qb8 20. Qxb8 Bxb8 21. Rd7 g6 22. g3 Kg7 23. Bb3 h5 24. Rb7 Kh6 25. Rxf7 Rxf7 26. Bxf7 Ba7 27. Rf1 h4 28. gxh4 Kh5 29. Kg2 Kxh4 30. Bxg6 Rxa2 31. Kf3 Rxf2+ 32. Rxf2 Bxf2 33. Kxf2 Kg5 34. Bd3 Kh6 35. Kg3 Kg7 36. Kg4 Kh8 37. Kg5 Kg8 38. Kf6 Kh8 39.
Bf5 Kg8 40. Be4 Kh8 41. h4 Kg8 42. h5 Kh8 43. Kg5 Kg8 44. Bd5+ Kh8 45. Be6 Kg7 46. h6+ Kh8 47. Kg6 1/2-1/2

[Event "Early-Titled-Tuesday-Blitz-January-23-2024"]
[Site "Chess.com"]
[Date "2024.01.23"]
[Round "3"]
[White "kekic76"]
[Black "AlexOstrovskiy"]
[Result "0-1"]
[WhiteElo "2316"]
[BlackElo "2786"]
[TimeControl "180+1"]
[EndTime "8:26:11 PST"]
[Termination "AlexOstrovskiy won by resignation"]

1. e4 d5 2. exd5 Nf6 3. Bb5+ Nbd7 4. c4 a6 5. Ba4 b5 6. cxb5 Nxd5 7. Bb3 Nc5 8. Nc3 Nxb3 9. axb3 Nb4 10. Nge2 Nd3+ 11. Kf1 e5 12. Qc2 Be7 13. bxa6 Bxa6 14. b4 Nxb4 15. Qa4+ c6 16. Qb3 Bxe2+ 0-1

[Event "Early-Titled-Tuesday-Blitz-January-23-2024"]
[Site "Chess.com"]
[Date "2024.01.23"]
[Round "3"]
[White "Boundless_Strike"]
[Black "wild3000"]
[Result "1-0"]
[WhiteElo "2617"]
[BlackElo "2434"]
[TimeControl "180+1"]
[EndTime "8:26:12 PST"]
[Termination "Boundless_Strike won by resignation"]

1. d4 d5 2. e4 dxe4 3. Nc3 e6 4.
f3 exf3 5. Nxf3 Nf6 6. Bd3 c5 7.
Be3 cxd4 8. Nxd4 Nc6 9. Nxc6 bxc6 10. Qf3 Bd7 11. O-O Be7 12. Rad1 Qc7 13. Ne4 O-O 14.
Nxf6+ Bxf6 15. Qe4 g6 16. Rxf6 Rab8 17. Rdf1 e5 18. Bc5 Be8 19. Bxf8 Kxf8 20. Bc4 Qb6+ 21. Kh1 Rb7 22. Qxe5 Qxb2 23. Qxb2 Rxb2 24. Bxf7 Bxf7 25.
Rxf7+ Kg8 26. Rxa7 h5 27. h3 Rxc2 28. Rd1 Rf2 29.
Rd8+ Rf8 30. Rxf8+ Kxf8 31. Rc7 c5 32. Rxc5 g5 33.
Rxg5 h4 34. Rh5 Kf7 35. Rxh4 Kf6 36. Rg4 1-0

[Event "Early-Titled-Tuesday-Blitz-January-23-2024"]
[Site "Chess.com"]
[Date "2024.01.23"]
[Round "3"]
[White "ScofieldMichael01"]
[Black "Eloist"]
[Result "1-0"]
[WhiteElo "2617"]
[BlackElo "2433"]
[TimeControl "180+1"]
[EndTime "8:26:13 PST"]
[Termination "ScofieldMichael01 won on time"]

1. d4 e6 2. Nf3 Nf6 3. Bf4 d5 4. e3 c5 5. Nbd2 Nc6 6. c3 Bd6 7. Bg3 O-O 8. Bd3 b6 9. Ne5 Ne7 10. O-O Nf5 11. Bf4 Bb7 12. a4 Ne4 13. Nxe4 dxe4 14. Bb5 a6 15. Bc6 Bxe5 16. Bxb7 Ra7 17. Bxe5 Rxb7 18. Qg4 Qd5 19. f3 h5 20. Qxh5 Nxe3 21.
Qg5 Nf5 22. fxe4 f6 23. exd5 fxg5 24. dxe6 cxd4 25. cxd4 Re7 26. d5 1-0

[Event "Early-Titled-Tuesday-Blitz-January-23-2024"]
[Site "Chess.com"]
[Date "2024.01.23"]
[Round "3"]
[White "Bushonica"]
[Black "Nechitaylo_Nikita"]
[Result "0-1"]
[WhiteElo "1813"]
[BlackElo "2320"]
[TimeControl "180+1"]
[EndTime "8:26:13 PST"]
[Termination "Nechitaylo_Nikita won by resignation"]

1. e4 c5 2. Nf3 d6 3. d4 cxd4 4. Nxd4 Nf6 5. Nc3 Nc6 6. Be2 g6 7. O-O Bg7 8. Kh1 O-O 9. f4 Nxe4 10. Nxc6 Nxc3 11. Nxd8 Nxd1 12. Rxd1 Rxd8 13. c3 Bd7 14.
Be3 Bc6 15. Bc4 d5 16. Bb3 a5 17. a4 f6 18. Bc5 e5 19. fxe5 fxe5 20. Re1 Kh8 21.
Rad1 d4 22. cxd4 exd4 23. Re7 Re8 24. Rde1 Rxe7 25. Rxe7 d3 26. Kg1 Bxb2 27. Kf2 Rd8 28.
Ke1 d2+ 29. Kd1 Bxg2 30. Rf7 Bh3 31. Bb6 Bg4+ 32. Kc2 d1=Q+ 33. Kxb2 Rd2+ 0-1

[Event "Early-Titled-Tuesday-Blitz-January-23-2024"]
[Site "Chess.com"]
[Date "2024.01.23"]
[Round "3"]
[White "cthulhuuu"]
[Black "Sajith_Peiris"]
[Result "1-0"]
[WhiteElo "2433"]
[BlackElo "2233"]
[TimeControl "180+1"]
[EndTime "8:26:14 PST"]
[Termination "cthulhuuu won by resignation"]

1. e4 c6 2. d3 d5 3. Nd2 dxe4 4. dxe4 Nd7 5. Ngf3 Ngf6 6. e5 Nd5 7. c4 N5b6 8.
Be2 e6 9. b3 Be7 10. O-O O-O 11.
Ne4 Qc7 12. Bb2 Rd8 13. Nd6 Nf8 14. Qd4 c5 15. Qg4 Ng6 16. Nb5 Qc6 17. h4 Bd7 18. h5 Nf8 19. Ng5 h6 20. Bf3 Qc8 21. Ne4 Bc6 22.
Nbd6 Qc7 23. Nf6+ Bxf6 24. exf6 g6 25. hxg6 Nxg6 26. Ne4 Nd7 27. Qh5 Bxe4 28. Qxh6 Nxf6 29. Bxf6 1-0

[Event "Early-Titled-Tuesday-Blitz-January-23-2024"]
[Site "Chess.com"]
[Date "2024.01.23"]
[Round "3"]
[White "Dacean99"]
[Black "WindWhistler11"]
[Result "1-0"]
[WhiteElo "2642"]
[BlackElo "2455"]
[TimeControl "180+1"]
[EndTime "8:26:15 PST"]
[Termination "Dacean99 won by resignation"]

1. e4 e6 2. d4 d5 3. Bd3 Nc6 4. c3 e5 5. Nf3 exd4 6. cxd4 Nb4 7. e5 Nxd3+ 8. Qxd3 Be6 9. O-O c6 10. Nc3 Nh6 11.
Bxh6 gxh6 12. Nd2 Qd7 13. f4 Bf5 14. Qe2 Rg8 15. Kh1 O-O-O 16. a3 Rg6 17. b4 Kb8 18. b5 c5 19. Nb3 c4 20. Nc5 Bxc5 21. dxc5 Bd3 22. Qb2 Bxf1 23. Rxf1 Rdg8 24. c6 Qg4 25. Nxd5 Qxg2+ 26. Qxg2 Rxg2 27. c7+ Kc8 28. Ne7+ Kxc7 29.
Nxg8 Rxg8 30. Rc1 Kb6 31. Rxc4 Kxb5 32. Rc7 Rb8 33. Rxf7 a5 34. e6 Kc6 35. f5 b5 36.
e7 Kd7 37. f6 Re8 38. Rxh7 b4 39. axb4 axb4 40. f7 Rxe7 41. f8=Q Rxh7 42. Qf5+ 1-0

[Event "Early-Titled-Tuesday-Blitz-January-23-2024"]
[Site "Chess.com"]
[Date "2024.01.23"]
[Round "3"]
[White "NowInChess"]
[Black "masterofpuppets2"]
[Result "0-1"]
[WhiteElo "2281"]
[BlackElo "2511"]
[TimeControl "180+1"]
[EndTime "8:26:17 PST"]
[Termination "masterofpuppets2 won on time"]

1. e4 c5 2. d3 Nc6 3. g3 g6 4.
Bg2 Bg7 5. f4 Rb8 6. a4 e6 7.
Nf3 Nge7 8. O-O O-O 9. c3 a6 10. Be3 d6 11. d4 cxd4 12. cxd4 d5 13. e5 Nf5 14. Bf2 h5 15. Nc3 b5 16. axb5 axb5 17. Qd3 Qb6 18. h3 Bd7 19. g4 hxg4 20. hxg4 Nh6 21.
Bh3 Na5 22. Qe2 Rfc8 23. Bh4 Ra8 24. Bf6 b4 25. Na4 Qb5 26. Qf2 Nb3 27. Bxg7 Kxg7 28. Qh4 Nxa1 29. Qf6+ Kg8 30. g5 Nf5 31. Bxf5 exf5 32.
Rf2 Qc6 33. Rh2 Qxf6 0-1

[Event "Early-Titled-Tuesday-Blitz-January-23-2024"]
[Site "Chess.com"]
[Date "2024.01.23"]
[Round "3"]
[White "Road2GM3000"]
[Black "pfalcon1949"]
[Result "1-0"]
[WhiteElo "2440"]
[BlackElo "2015"]
[TimeControl "180+1"]
[EndTime "8:26:20 PST"]
[Termination "Road2GM3000 won by resignation"]

1. d4 Nf6 2. c4 c5 3. d5 b5 4. Qc2 bxc4 5. e4 e6 6. Bxc4 exd5 7. exd5 d6 8. Nc3 Be7 9. Nf3 O-O 10. O-O Ba6 11. b3 Bxc4 12. bxc4 Nbd7 13. h3 a6 14.
Bf4 Qc7 15. Rfe1 Nb6 16. Ne4 Nxe4 17. Rxe4 Bf6 18. Rae1 Qd7 19. Qe2 Rad8 20. Ng5 h6 21.
Nf3 Qa4 22. Rb1 Qa5 23. g4 Rd7 24. g5 hxg5 25. Bxg5 Bxg5 26. Nxg5 g6 27. Rh4 Na4 28. Qf3 Qc3 29. Qg4 Re7 30. Ne4 Qg7 31. Qf4 Rfe8 32. Nf6+ Kf8 33. Nxe8 Rxe8 34. Rb7 Nc3 35. Rh8+ 1-0

[Event "Early-Titled-Tuesday-Blitz-January-23-2024"]
[Site "Chess.com"]
[Date "2024.01.23"]
[Round "3"]
[White "Flaccidmoves"]
[Black "KIEV-1"]
[Result "1-0"]
[WhiteElo "2440"]
[BlackElo "2243"]
[TimeControl "180+1"]
[EndTime "8:26:20 PST"]
[Termination "Flaccidmoves won on time"]

1. d4 d5 2. c4 c6 3. cxd5 cxd5 4.
Bg5 Nc6 5. Nc3 Bf5 6. e3 h6 7. Bh4 Nf6 8. Bxf6 gxf6 9. Bd3 Bxd3 10. Qxd3 e6 11. Nge2 a6 12. O-O Bd6 13. Rac1 f5 14. g3 h5 15. h4 Rg8 16. Kh1 Rg4 17. Rg1 Qf6 18. Rg2 O-O-O 19. Na4 Kb8 20. Rxc6 1-0

[Event "Early-Titled-Tuesday-Blitz-January-23-2024"]
[Site "Chess.com"]
[Date "2024.01.23"]
[Round "3"]
[White "Makswolf200817"]
[Black "Kotlyar_K"]
[Result "1-0"]
[WhiteElo "2735"]
[BlackElo "2502"]
[TimeControl "180+1"]
[EndTime "8:26:22 PST"]
[Termination "Makswolf200817 won by resignation"]

1. e4 e5 2. Nf3 Nc6 3. Bc4 Nf6 4. d3 Be7 5. O-O O-O 6. c3 d6 7. a4 Kh8 8. Nbd2 Ng8 9. b4 a6 10. h3 f5 11. Re1 f4 12. Nf1 g5 13. N3h2 Nh6 14.
d4 Bf6 15. Bb2 Qe7 16. b5 Nd8 17. Ng4 Nxg4 18. hxg4 a5 19. Nh2 Ne6 20. Bb3 Qg7 21.
Nf3 Nd8 22. dxe5 dxe5 23. Nh2 Ne6 24. Ba3 Rd8 25. Qe2 Be7 26. Qc4 Bxa3 27. Rxa3 Qe7 28. Raa1 Nc5 29. Qf7 Qxf7 30. Bxf7 Rd3 31. Nf3 Kg7 32.
Nxe5 Rxc3 33. Bd5 Be6 34. Rac1 Rxc1 35. Rxc1 b6 36. Bxa8 1-0

[Event "Early-Titled-Tuesday-Blitz-January-23-2024"]
[Site "Chess.com"]
[Date "2024.01.23"]
[Round "3"]
[White "tptagain"]
[Black "djano"]
[Result "1-0"]
[WhiteElo "2911"]
[BlackElo "2659"]
[TimeControl "180+1"]
[EndTime "8:26:23 PST"]
[Termination "tptagain won by resignation"]

1. Nf3 c5 2. e3 g6 3. d4 cxd4 4.
exd4 Bg7 5. h3 Nf6 6. Bd3 O-O 7. O-O b6 8. Re1 Bb7 9. Bg5 d6 10. c4 Nbd7 11. Nc3 Re8 12. d5 Rc8 13. Rc1 a6 14.
Bf1 Qc7 15. Qd2 Qb8 16. Bh6 Nc5 17. Bxg7 Kxg7 18. Nd4 e5 19. dxe6 Nxe6 20. Rcd1 Nc5 21. Nf5+ gxf5 22. Qg5+ Kf8 23. Qxf6 Kg8 24. Qg5+ Kf8 25.
Qxf5 Re6 26. Qxh7 Rce8 27. Rxe6 Nxe6 28. Be2 Qd8 29. Qh6+ Ke7 30. Nd5+ Bxd5 31. cxd5 Nc5 32. Bg4 Rg8 33. Re1+ 1-0

[Event "Early-Titled-Tuesday-Blitz-January-23-2024"]
[Site "Chess.com"]
[Date "2024.01.23"]
[Round "3"]
[White "stollenmonster"]
[Black "tarno17"]
[Result "1-0"]
[WhiteElo "2905"]
[BlackElo "2077"]
[TimeControl "180+1"]
[EndTime "8:26:23 PST"]
[Termination "stollenmonster won by resignation"]

1. e4 c5 2. Nf3 e6 3. Be2 a6 4. c4 Nc6 5. Nc3 Qc7 6. O-O Nf6 7. d4 cxd4 8. Nxd4 Bb4 9. Nxc6 dxc6 10. Qd4 e5 11. Qe3 Bxc3 12. Qxc3 c5 13. f4 Nxe4 14. Qxe5+ Qxe5 15. fxe5 h6 16. Bh5 O-O 17. Bf3 Ng5 18.
Bd5 Bg4 19. Be3 Rae8 20. Bxc5 Rxe5 21. Bxf8 Kxf8 22. Rae1 Be2 23. Rf2 Bxc4 24. Rxe5 1-0

[Event "Early-Titled-Tuesday-Blitz-January-23-2024"]
[Site "Chess.com"]
[Date "2024.01.23"]
[Round "3"]
[White "Ali_rastbod"]
[Black "rionelG"]
[Result "1-0"]
[WhiteElo "2712"]
[BlackElo "2311"]
[TimeControl "180+1"]
[EndTime "8:26:25 PST"]
[Termination "Ali_rastbod won by resignation"]

1. e4 c5 2. Nf3 d6 3. Bb5+ Nd7 4.
d4 a6 5. Bd3 cxd4 6. Nxd4 Ngf6 7.
Nc3 e6 8. O-O Qc7 9. h3 Be7 10.
Be3 O-O 11. f4 b5 12. f5 b4 13. fxe6 Nc5 14. exf7+ Kh8 15. Nd5 Nxd5 16. exd5 Nxd3 17. Qxd3 Bf6 18. Ne6 Bxe6 19. dxe6 Qe7 20. Qf5 d5 21. Qxd5 Rad8 22. Qf5 Bxb2 23. Rad1 g6 24. Qe4 Rxd1 25. Rxd1 Kg7 26. Rd7 Qf6 27. e7 Rxf7 28. e8=Q Qf1+ 29.
Kh2 Qf6 30. Rxf7+ 1-0

[Event "Early-Titled-Tuesday-Blitz-January-23-2024"]
[Site "Chess.com"]
[Date "2024.01.23"]
[Round "3"]
[White "flomarechot"]
[Black "almaguerjm"]
[Result "1-0"]
[WhiteElo "2347"]
[BlackElo "2464"]
[TimeControl "180+1"]
[EndTime "8:26:26 PST"]
[Termination "flomarechot won by resignation"]

1. Nf3 d6 2. d4 Nf6 3. b3 g6 4. Bb2 Bg7 5. e3 O-O 6. Be2 Nc6 7. O-O e5 8. dxe5 Ng4 9. c4 Ngxe5 10. Nc3 Nxf3+ 11.
Bxf3 Ne5 12. Be2 f5 13. Qd2 Qh4 14. Nd5 Rf7 15. f4 Ng4 16. Bxg4 fxg4 17. Bxg7 Kxg7 18.
g3 Qd8 19. Qd4+ Kg8 20. e4 Be6 21. Rad1 a5 22. a4 Bxd5 23. cxd5 Qd7 24. e5 Qf5 25. e6 Re7 26. Rc1 Rc8 27. Rfe1 c6 28. dxc6 Rxe6 29.
cxb7 1-0

[Event "Early-Titled-Tuesday-Blitz-January-23-2024"]
[Site "Chess.com"]
[Date "2024.01.23"]
[Round "3"]
[White "Arlo2024"]
[Black "Perecke"]
[Result "1-0"]
[WhiteElo "2308"]
[BlackElo "2538"]
[TimeControl "180+1"]
[EndTime "8:26:27 PST"]
[Termination "Arlo2024 won by resignation"]

1. e4 c5 2. Nc3 g6 3. g3 Bg7 4. Bg2 e6 5. d3 Ne7 6. Be3 O-O 7.
Qd2 b6 8. Bh6 d5 9. Bxg7 Kxg7 10. exd5 exd5 11. d4 Nbc6 12. Nge2 Ba6 13. O-O-O cxd4 14. Nxd4 Ne5 15. h4 Nc4 16. Qg5 h6 17. Qf4 b5 18. h5 g5 19. Nf5+ Kh7 20. Qf3 Ne5 21.
Qe2 N7c6 22. Rxd5 Qf6 23. Rd6 Qh8 24. Bxc6 Rac8 25. Be4 1-0

[Event "Early-Titled-Tuesday-Blitz-January-23-2024"]
[Site "Chess.com"]
[Date "2024.01.23"]
[Round "3"]
[White "guillembaches"]
[Black "PattyCastillo"]
[Result "1-0"]
[WhiteElo "2534"]
[BlackElo "1964"]
[TimeControl "180+1"]
[EndTime "8:26:27 PST"]
[Termination "guillembaches won on time"]

1. e4 c5 2. Nf3 d6 3. d4 cxd4 4. Qxd4 Nc6 5. Bb5 Bd7 6. Qd3 a6 7. Bxc6 Bxc6 8. c4 Nf6 9. Nc3 e6 10. O-O Be7 11. Bf4 O-O 12. Rad1 e5 13. Bg5 Qb6 14.
b3 Rad8 15. Rd2 Qa5 16. a4 h6 17. Be3 Ng4 18. Rfd1 Nxe3 19. Qxe3 Rfe8 20. h3 Bf8 21. Qd3 Qc7 22. Nh2 Qb8 23. Ng4 Kh7 24. Ne3 b5 25. axb5 axb5 26. Nxb5 Bxb5 27. cxb5 d5 28.
Nxd5 Kh8 29. Rc2 Rc8 30. Rc6 Red8 31. Rdc1 1-0

[Event "Early-Titled-Tuesday-Blitz-January-23-2024"]
[Site "Chess.com"]
[Date "2024.01.23"]
[Round "3"]
[White "jcmesafischer"]
[Black "UnTucopalaTimba"]
[Result "1-0"]
[WhiteElo "2337"]
[BlackElo "1967"]
[TimeControl "180+1"]
[EndTime "8:26:30 PST"]
[Termination "jcmesafischer won by resignation"]

1. e4 c6 2. Nc3 d5 3. Nf3 g6 4. d4 Bg7 5. exd5 cxd5 6. Ne5 a6 7. Bf4 Nc6 8. Nxc6 bxc6 9. Na4 Nf6 10. Be2 Qa5+ 11. c3 O-O 12. O-O Nd7 13. Re1 c5 14. Nxc5 Nxc5 15. b4 Qd8 16. bxc5 Qa5 17. Qd2 e6 18.
Qb2 Bd7 19. Qb4 Qxb4 20. cxb4 Bb5 21. Rad1 Bxe2 22. Rxe2 h6 23. a4 g5 24. Bd6 Rfc8 25.
b5 axb5 26. axb5 Ra4 27. b6 Rxd4 28. Rxd4 Bxd4 29. b7 Rd8 30. c6 Bf6 31. c7 Rxd6 32. b8=Q+ Kg7 33. c8=Q 1-0

[Event "Early-Titled-Tuesday-Blitz-January-23-2024"]
[Site "Chess.com"]
[Date "2024.01.23"]
[Round "3"]
[White "Kopytkin"]
[Black "CristianS27"]
[Result "0-1"]
[WhiteElo "2389"]
[BlackElo "2595"]
[TimeControl "180+1"]
[EndTime "8:26:31 PST"]
[Termination "CristianS27 won on time"]

1. e4 e5 2. Nf3 Nc6 3. Nc3 Nf6 4. d4 exd4 5. Nxd4 Bb4 6. Nxc6 bxc6 7. Bd3 d5 8. exd5 O-O 9. O-O cxd5 10. Bg5 c6 11.
Qf3 Bd6 12. Ne2 Rb8 13. b3 h6 14. Bh4 Rb4 15. c4 Re8 16. h3 g5 17. Bg3 g4 18.
hxg4 Bxg4 19. Bh7+ Kg7 20. Qc3 Bxe2 21. Rfe1 Kxh7 22.
Bh4 Ne4 23. Bxd8 Nxc3 24. Ba5 d4 25. Bxb4 Bxb4 26. a3 d3 27. axb4 d2 0-1

[Event "Early-Titled-Tuesday-Blitz-January-23-2024"]
[Site "Chess.com"]
[Date "2024.01.23"]
[Round "3"]
[White "NewYearGirl"]
[Black "JiiHart"]
[Result "1-0"]
[WhiteElo "2367"]
[BlackElo "2136"]
[TimeControl "180+1"]
[EndTime "8:26:31 PST"]
[Termination "NewYearGirl won by resignation"]

1. e4 c5 2. Nf3 Nc6 3. d4 cxd4 4.
Nxd4 Nf6 5. Nc3 d6 6. Bg5 Bd7 7. Qd2 a6 8. O-O-O e6 9. f4 h6 10.
Bh4 g5 11. fxg5 Ng4 12. g3 hxg5 13. Bxg5 Qxg5 14. Qxg5 Bh6 15. Qxh6 Rxh6 16. Nxc6 Bxc6 17. Rxd6 Nf2 18. Rg1 Rxh2 19. Rd2 Rd8 20. Bd3 Ng4 21. Rxh2 Nxh2 22. g4 Ke7 23. Rg3 Rh8 24. Kd2 Rh4 25. Be2 b5 26. a3 a5 27. Ke3 b4 28. axb4 axb4 29. Nb1 f5 30. gxf5 exf5 31. exf5 Kf6 32. Rg6+ Kxf5 33. Rxc6 Ng4+ 34. Bxg4+ Rxg4 35. Rc5+ Ke6 36. Nd2 Kd6 37. Rh5 Rg2 38. Kd3 1-0

[Event "Early-Titled-Tuesday-Blitz-January-23-2024"]
[Site "Chess.com"]
[Date "2024.01.23"]
[Round "3"]
[White "Adar_07"]
[Black "DeArron_Fox"]
[Result "1-0"]
[WhiteElo "2644"]
[BlackElo "2462"]
[TimeControl "180+1"]
[EndTime "8:26:32 PST"]
[Termination "Adar_07 won by checkmate"]

1. e4 c5 2. Nf3 e6 3. d4 cxd4 4.
Nxd4 a6 5. a4 Nf6 6. Nc3 Bb4 7.
Bd3 d5 8. exd5 Nxd5 9. Bd2 Nxc3 10. bxc3 Be7 11. O-O O-O 12. Re1 Nd7 13. Re3 g6 14. Rh3 Nc5 15. Re3 Bf6 16. Rb1 Nxa4 17. Qf3 Nxc3 18. Bxc3 Bxd4 19. Bxd4 Qxd4 20. Re4 Qg7 21. h4 h5 22. g4 hxg4 23. Rd4 Qxd4 24. Qg3 Qf6 25.
Rb4 e5 26. h5 Bf5 27. hxg6 fxg6 28. Bc4+ Kg7 29. Rxb7+ Kh6 30. Qh2+ Kg5 31. Rh7 e4 32. Qh6# 1-0

[Event "Early-Titled-Tuesday-Blitz-January-23-2024"]
[Site "Chess.com"]
[Date "2024.01.23"]
[Round "3"]
[White "ElDivis"]
[Black "DTChess"]
[Result "0-1"]
[WhiteElo "2435"]
[BlackElo "2626"]
[TimeControl "180+1"]
[EndTime "8:26:32 PST"]
[Termination "DTChess won on time"]

1. e4 e5 2. Nf3 Nc6 3. Nc3 g6 4. d4 exd4 5. Nxd4 Bg7 6. Nxc6 dxc6 7. Qxd8+ Kxd8 8. Bg5+ Bf6 9. O-O-O+ Ke8 10. Bf4 Bd8 11. Bc4 f6 12. e5 f5 13. h4 h5 14. e6 Rh7 15. e7 Nxe7 16. Rhe1 b5 17. Nxb5 Ba6 18.
Na3 Bxc4 19. Nxc4 Kf8 20. Rd7 Rf7 21. Ne5 Rf6 22. Bg5 Re6 23. Nxg6+ Rxg6 24. Bxe7+ Bxe7 25. Rexe7 Rxg2 26. Rf7+ Kg8 27. Rxf5 Re8 28. Rd1 Re2 0-1

[Event "Early-Titled-Tuesday-Blitz-January-23-2024"]
[Site "Chess.com"]
[Date "2024.01.23"]
[Round "3"]
[White "LaPiToB"]
[Black "cthake"]
[Result "0-1"]
[WhiteElo "2309"]
[BlackElo "1848"]
[TimeControl "180+1"]
[EndTime "8:26:35 PST"]
[Termination "cthake won by resignation"]

1. c4 e5 2. Nc3 Nc6 3. g3 d6 4.
Bg2 g6 5. e4 Bg7 6. Nge2 Nge7 7. d3 O-O 8. O-O Be6 9. Nd5 Qd7 10. Bh6 f5 11. Bxg7 Kxg7 12. f4 Nd8 13. Nec3 c6 14. Ne3 fxe4 15. Nxe4 exf4 16. gxf4 Nf5 17. Qd2 d5 18.
Ng5 h6 19. Nxe6+ Nxe6 20. cxd5 cxd5 21. Nxd5 Ned4 22. Rac1 Rac8 23. Rfe1 Rxc1 24. Rxc1 Nc6 25. Re1 Re8 26. Qc3+ Nfd4 27. Rxe8 Qxe8 28. Be4 Qe6 29.
Ne3 Kh7 30. b4 Ne2+ 31. Kf2 Nxc3 32. f5 Nxe4+ 33. dxe4 Qxa2+ 34. Kf3 gxf5 0-1

[Event "Early-Titled-Tuesday-Blitz-January-23-2024"]
[Site "Chess.com"]
[Date "2024.01.23"]
[Round "3"]
[White "GiftedThing"]
[Black "SpongeBob_03"]
[Result "0-1"]
[WhiteElo "2436"]
[BlackElo "2219"]
[TimeControl "180+1"]
[EndTime "8:26:37 PST"]
[Termination "SpongeBob_03 won by resignation"]

1. Nf3 Nf6 2. c4 c5 3. g3 b6 4.
Bg2 Bb7 5. O-O e6 6. Nc3 Nc6 7. d4 Nxd4 8. Nxd4 Bxg2 9. Nxe6 fxe6 10. Kxg2 h5 11. h4 Be7 12. Bg5 Ng4 13. Bxe7 Qxe7 14.
Ne4 O-O 15. Qd3 Rf5 16. Rad1 Rd8 17. Nd6 Rf6 18. f3 Nh6 19. Nb7 Re8 20. Qxd7 Nf5 21. Kf2 Rg6 22. Rg1 Qf8 23. Nd6 Rd8 24. Qxd8 Qxd8 25.
Nxf5 Qf6 26. Ne3 Qxb2 27. Rd8+ Kh7 28. Rgd1 Qe5 29. f4 Qe4 30. Rb8 Rxg3 31. Nf1 Qxf4+ 32.
Ke1 Qxb8 33. Nxg3 Qxg3+ 34. Kd2 Qxh4 35. Kc2 Qxc4+ 36. Kd2 Qxa2+ 37. Ke1 0-1